 Dungeon Crawl Stone Soup version 0.22-a0-392-g5dc3fd9 (webtiles) character file.

28 Falco the Sneak (level 3, 0/24 HPs)
             Began as a Halfling Assassin on May 1, 2018.
             Succumbed to a goblin's poison
             ... on level 1 of the Dungeon.
             The game lasted 00:05:37 (883 turns).

Falco the Sneak (Halfling Assassin)                  Turns: 883, Time: 00:05:37

Health: 0/24       AC:  4    Str: 12    XL:     3   Next: 27%
Magic:  3/3        EV: 14    Int:  9    God:
Gold:   21         SH:  0    Dex: 16    Spells: 2/2 levels left

rFire    . . .     SeeInvis .   h - +1 dagger (elec)
rCold    . . .     Gourm    .   (shield restricted)
rNeg     . . .     Faith    .   c - +0 robe
rPois    .         Spirit   .   (no helmet)
rElec    .         Reflect  .   d - +0 cloak
rCorr    .         Harm     .   (no gloves)
MR       .....                  m - +0 pair of boots
Stlth    +++.......             (no amulet)
HPRegen  0.08/turn              (no ring)
MPRegen  0.08/turn              (no ring)

@: lethally poisoned (0 -> -6), about to teleport
A: small, mutation resistance 1
a: no special abilities


You were on level 1 of the Dungeon.
You were not hungry.

You visited 1 branch of the dungeon, and saw 2 of its levels.

You collected 21 gold pieces.

Inventory:

Hand Weapons
 a - a +2 dagger
 b - a +0 blowgun
 h - a +1 dagger of electrocution (weapon)
 i - a cursed -1 short sword
 j - a +0 short sword of speed
Missiles
 e - 8 poisoned needles
 f - 2 curare-tipped needles
 l - 49 arrows
Armour
 c - a +0 robe (worn)
 d - a +0 cloak (worn)
 m - a +0 pair of boots (worn)
Comestibles
 g - 2 rations


   Skills:
 + Level 1.7 Fighting
 + Level 2.6 Short Blades
 + Level 2.1 Throwing
 + Level 1.3 Dodging
 + Level 5.3 Stealth


You had 2 spell levels left.
You didn't know any spells.

Dungeon Overview and Level Annotations

Branches:
Dungeon (2/15)

Altars:

Annotations:
D:2 Robin


Innate Abilities, Weirdness & Mutations

You are small and have problems with some larger weapons.
You are somewhat resistant to further mutation.


Message History

You feel sick.
* * * LOW HITPOINT WARNING * * *
You feel sick.
* * * LOW HITPOINT WARNING * * *
You feel sick.
* * * LOW HITPOINT WARNING * * *
You feel sick.
* * * LOW HITPOINT WARNING * * *
You feel sick.
As you read the scroll labeled HENU QIACRUIQIRR, it crumbles to dust.
You feel blessed for a moment.
It was a scroll of remove curse.
As you read the scroll labeled KUUSKA RYSON, it crumbles to dust.
You hear a loud clanging noise!
It was a scroll of noise.
* * * LOW HITPOINT WARNING * * *
You feel sick.
Okay, then.
As you read the scroll labeled FAEZEC OWOSTRY, it crumbles to dust.
You feel strangely unstable.
It was a scroll of teleportation.
You die...

##### #...#
######## #...#
#...@).###...#
#............#
###...........##
#..........#####
#..........#...####
#..........#.#.#..#
#..........###.##.#
#..............)..#
#..............####


There were no monsters in sight!

Vanquished Creatures
  A dart slug (D:1)
  3 hobgoblins (D:1)
  A bat (D:1)
  9 goblins
  7 kobolds
  2 rats (D:1)
23 creatures vanquished.

Notes
Turn   | Place    | Note
-------+----------+-------------------------------------------
     0 | D:1      | Falco the Halfling Assassin began the quest for the Orb.
     0 | D:1      | Reached XP level 1. HP: 14/14 MP: 1/1
   127 | D:1      | Reached XP level 2. HP: 13/19 MP: 2/2
   358 | D:1      | Reached skill level 5 in Stealth
   835 | D:2      | Reached XP level 3. HP: 19/24 MP: 3/3
   840 | D:2      | Noticed Robin
   882 | D:1      | HP: 1/24 [poisoned by a goblin]
   883 | D:1      | Succumbed to a goblin's poison

Vault maps used:
D:1:      onia_arrival_mini_spirals, st_stairs_13, minmay_misc_feat_square
D:2:      first_ration, uniq_robin

Skill      XL: |  1  2 |
---------------+-------+-----
Stealth        | 5 |  5.3
Fighting       | |  1.7
Short Blades   | |  2.6
Throwing       | |  2.1
Dodging        | |  1.3

Action                   || total
-------------------------++-------
Melee: Dagger            ||    61
  Use: Scroll            ||     4
 Stab: Sleeping          ||     2
Armor: Robe              ||     9
Dodge: Dodged            ||    24

Table legend:
 A = Spawn XP
 B = Non-spawn XP
 C = Spawn XP percentage of total XP
 D = Spawn monster count
 E = Non-spawn monster count
 F = Spawn count percentage of total count
 G = Total turns spent on level
                    A         B        C        D         E        F      G
               +---------+---------+-------+---------+---------+-------+---------
         Total |       0 |      40 |   0.0 |       0 |      23 |   0.0 |   883
               +---------+---------+-------+---------+---------+-------+---------
           D:1 |       0 |      30 |   0.0 |       0 |      18 |   0.0 |   815
           D:2 |       0 |      10 |   0.0 |       0 |       5 |   0.0 |    68
               +---------+---------+-------+---------+---------+-------+---------
